 Dungeon Crawl Stone Soup version 0.28.0 (webtiles) character file.

Game seed: 12314834195813952423

1341 pkoi the Firebug (level 8, -11/57 HPs)
             Began as a Yellow Draconian Fire Elementalist on Feb 8, 2022.
             Engulfed by a cloud of flame (13 damage)
             ... on level 6 of the Dungeon.
             The game lasted 00:10:55 (6555 turns).

pkoi the Firebug (DrFE)                             Turns: 6555, Time: 00:10:55

Health: -11/57     AC: 11    Str: 17      XL:     8   Next: 35%
Magic:  12/12      EV: 12    Int: 15 (17) God:
Gold:   331        SH:  0    Dex: 12      Spells: 8/13 levels left

rFire   . . .      SeeInvis .   h - +9 staff of Wucad Mu {*channel}
rCold   . . .      Faith    .   (no shield)
rNeg    + . .      Spirit   .   (armour unavailable)
rPois   .          Reflect  .   (helmet restricted)
rElec   .          Harm     .   j - +2 cloak
rCorr   +          Rampage  .   k - +0 pair of gloves
Will    .....                   o - +0 pair of boots
Stlth   ++........              (no amulet)
HPRegen 0.19/turn               s - +6 ring of strength
MPRegen 0.13/turn               c - ring of positive energy

@: no status effects
A: spit acid, AC +6, unfitting armour, cold-blooded, acid resistance
a: Breathe Acid


You were on level 6 of the Dungeon.
You visited 1 branch of the dungeon, and saw 6 of its levels.

You collected 331 gold pieces.

Inventory:

Hand Weapons
 a - a +0 dagger
 h - the +9 staff of Wucad Mu (weapon) {*channel}
   (You acquired it on level 2 of the Dungeon)

   It occasionally powers its wielder's spells, but with a chance of causing
   confusion or draining the wielder's intelligence.
   It becomes more likely to activate and less likely to backfire with increased
   Evocations skill.
Missiles
 d - 5 boomerangs
Armour
 j - a +2 cloak (worn)
 k - a +0 pair of gloves (worn)
 o - a +0 pair of boots (worn)
Jewellery
 c - a ring of positive energy (right hand)
 e - a ring of flight
 s - a +6 ring of strength (left hand)
Scrolls
 b - 2 scrolls of teleportation
 r - a scroll of magic mapping
 t - 5 scrolls of identify
Potions
 f - 2 potions of haste
 i - a potion of lignification
 l - 3 potions of curing


   Skills:
 - Level 1.7 Dodging
 - Level 1.7 Stealth
 - Level 3.0 Spellcasting
 + Level 5.8 Conjurations
 + Level 6.6 Fire Magic
 + Level 5.1 Evocations


You had 8 spell levels left.
You knew the following spells:

 Your Spells              Type           Power      Damage    Failure   Level
a - Foxfire               Conj/Fire      84%        2x1d8     1%          1
b - Flame Wave            Conj/Fire      21%        2d7       16%         4

Your spell library contained the following spells:

 Spells                   Type           Power      Damage    Failure   Level
 Scorch                   Fire           44%        2d7       1%          2
 Conjure Flame            Conj/Fire      21%        6-21      4%          3
 Inner Flame              Hex/Fire       12%        N/A       16%         3
 Dazzling Flash           Conj/Hex       22%        N/A       19%         3
 Frozen Ramparts          Ice            4%         1d2       52%         3
 Iskenderun's Mystic Bla  Conj/Tloc      11%        2d4       52%         4
 Ice Form                 Ice/Tmut       2%         N/A       89%         4
 Summon Ice Beast         Ice/Summ       2%         N/A       89%         4
 Starburst                Conj/Fire      10%        6d5       93%         6


Dungeon Overview and Level Annotations

Branches:
Dungeon (6/15)
 Temple: D:4-7

Altars:
Cheibriados

Shops:
D:2 ?   D:6 (


Innate Abilities, Weirdness & Mutations

You can spit globs of acid.
Your golden yellow scales are hard. (AC +6)
You cannot fit into any form of body armour.
You are cold-blooded and may be slowed by cold attacks.
You are resistant to acid. (rCorr)


Message History

The flame wave engulfs the iguana!
The iguana is almost dead. (Press . to intensify the flame waves.)
The centaur hits you but does no damage.
The centaur kicks you but does no damage.
The iguana completely misses you.
A wave of flame ripples out!
The flame wave engulfs the centaur.
The centaur is severely wounded.
The flame wave engulfs the iguana but does no damage.
The iguana is almost dead.
The tree burns like a torch!
You are engulfed in blazing flames.
* * * LOW HITPOINT WARNING * * *
You hear a shout!
The centaur misses you.
The centaur kicks you but does no damage.
The iguana is engulfed in blazing flames.
You kill the iguana!
The centaur hits you but does no damage.
The centaur barely misses you.
The forest fire spreads!
Unknown command.
A wave of flame ripples out!
The flame wave engulfs the centaur!
You kill the centaur!
The tree burns like a torch!
You finish channelling waves of flame.
You are engulfed in blazing flames.
* * * LOW HITPOINT WARNING * * *
You hear a bark!
The forest fire spreads! x2
You feel your intelligence returning.
Unknown command.
You are engulfed in blazing flames.
* * * LOW HITPOINT WARNING * * *
The forest fire spreads! x3
You are engulfed in blazing flames.
* * * LOW HITPOINT WARNING * * *
The forest fire spreads! x5
Things that are here:
a +0 vorpal mace; an iguana corpse; an orc corpse It was a potion of magic.
Magic courses through your body.
You are engulfed in blazing flames.
You die...

..#.# ♣.♣♣
#.#.# ♣♣.♣ .
#.#.# ♣.♣♣♣♣♣
♣♣♣§♣ #.#.##
♣♣.♣♣§§♣§§♣§♣
#....#
♣[♣§§§§§§§♣♣♣
#....#
♣♣§§§§§§§§§§
#....#
♣§§§§§§§§♣
##....#
♣♣§§§§§§§♣♣
......#
♣§§§@§§§§♣
####'##
♣§§§§§§§§♣♣
#.#
♣♣§§§§..$♣
#.#####
♣♣♣§§.$.♣ #
#.....#
♣♣....♣
########.#
.♣$.♣♣ ..#
#.# ♣ ♣♣♣ #.#
#.# #.# #.#


There were no monsters in sight!

Vanquished Creatures
  A water moccasin (D:5)
  An ice beast (D:6)
  4 ogres (D:5)
  A centaur (D:6)
  A kobold brigand (D:4)
  2 howler monkeys
  3 jellies
  3 hounds
  3 orc priests (D:5)
  A bullfrog skeleton (D:4)
  3 iguanas
  A hound skeleton (D:4)
  4 gnolls (D:4)
  3 adders
  A white imp (D:3)
  An adder skeleton (D:2)
  3 worms
  3 dart slugs
  11 orcs
  3 bats
  A bat skeleton (D:2)
  2 bat zombies (D:2)
  4 endoplasms
  3 giant cockroaches
  8 hobgoblins
  2 jackals (D:3)
  9 kobolds
  3 quokkas
  4 ball pythons
  A frilled lizard (D:2)
  A giant cockroach zombie (D:2)
  6 goblins
  6 rats
103 creatures vanquished.

Vanquished Creatures (others)
  2 orc wizards
  366 foxfires
  A plant (D:4)
369 creatures vanquished.

Grand Total: 472 creatures vanquished

Notes
Turn   | Place    | Note
-------+----------+-------------------------------------------
     0 | D:1      | pkoi the Draconian Fire Elementalist began the quest for
                  | the Orb.
     0 | D:1      | Reached XP level 1. HP: 14/14 MP: 3/3
   479 | D:1      | Reached XP level 2. HP: 20/20 MP: 0/5
  1277 | D:2      | Reached XP level 3. HP: 26/26 MP: 0/6
  1635 | D:2      | Found Jeuduler's Magic Scroll Boutique.
  1648 | D:2      | Identified a scroll of acquirement
  1648 | D:2      | Acquired the +9 staff of Wucad Mu {*channel}
  1648 | D:2      | Found the +9 staff of Wucad Mu {*channel}
  1720 | D:2      | Acquired a book of Spectacle
  2265 | D:3      | Reached skill level 4 in Fire Magic
  2265 | D:3      | Reached XP level 4. HP: 33/33 MP: 1/7
  2678 | D:3      | Reached skill level 1 in Evocations
  2789 | D:3      | Learned a level 4 spell: Flame Wave
  2892 | D:3      | Found a faded altar of an unknown god.
  3094 | D:3      | Found a snail-covered altar of Cheibriados.
  3204 | D:4      | Reached XP level 5. HP: 38/38 MP: 3/8
  3441 | D:4      | Identified the +6 hand axe of Myemokum {elec, Fragile rCorr
                  | Int+3 Dex+7}
  3594 | D:4      | Reached XP level 6. HP: 44/45 MP: 4/9
  4016 | D:4      | Reached skill level 5 in Fire Magic
  4310 | D:5      | Entered Level 5 of the Dungeon
  4578 | D:5      | Your scales start taking on a golden yellow colour.
  4578 | D:5      | Reached XP level 7. HP: 50/50 MP: 7/11
  4578 | D:5      | Gained mutation: You are resistant to acid. (rCorr) [Yellow
                  | Draconian growth]
  5053 | D:5      | Reached skill level 5 in Conjurations
  5356 | D:5      | Identified the +4 robe of the Game of Kings {Regen+}
  5496 | D:5      | Reached skill level 6 in Fire Magic
  5806 | D:5      | Reached XP level 8. HP: 42/57 MP: 8/12
  6211 | D:6      | Found Ruurueb's Antique Weapon Emporium.
  6548 | D:6      | Reached skill level 5 in Evocations
  6554 | D:6      | HP: 2/57 [cloud of flame (13)]
  6555 | D:6      | Engulfed by a cloud of flame

Illustrated notes

Levels and vault maps discovered:
D:1:      kennysheep_arrival_seaside, layout_rooms,
          chequers_serial_rivers_large_b
D:2:      layout_loops_ring, serial_undead, serial_undead_e, serial_undead_a,
          serial_undead_a, serial_undead_b, serial_shops, shop,
          grunt_ministairs_3
D:3:      layout_basic, mainiacjoe_overflow_alcove_1,
          ebering_ecumenical_altar_rust, serial_aquarium, aquarium_bridge_square
          [aquarium_subvault_bridge, aquarium_subvault_window,
          aquarium_subvault_balcony, aquarium_subvault_window],
          aquarium_window_1, aquarium_window_1, aquarium_window_corridor_3,
          aquarium_view_2d, aquarium_balcony_3a, aquarium_pool_split
D:4:      layout_loops_ring, minmay_tree_intersection, nicolae_grassy_gnolls
D:5:      nicolae_cairo_tiling, layout_cave_pods, nicolae_figureground_sparkle
D:6:      kb_forest_paths, layout_basic, lemuel_crystal_altar,
          mainiacjoe_overflow_big_doors, serial_shops,
          nicolae_shop_temple_entry_statues_fountains, nicolae_stop_n_shop_2,
          nicolae_shop_behind_doors, nicolae_inconvenience_store,
          nicolae_shop_hallway_plus, st_stairs_5

Skill      XL: |  1  2  3  4  5  6  7  8 |
---------------+-------------------------+-----
Conjurations   | 2 3 4 5 |  5.8
Fire Magic     | 4 5 6 |  6.6
Evocations     | 1 2 3 4 5 |  5.1
Spellcasting   | 3 |  3.0
Dodging        | |  1.7
Stealth        | |  1.7

Action                   |  1- 3 |  4- 6 |  7- 9 || total
-------------------------+-------+-------+-------++-------
Melee: Dagger            |    23 |    23 |     1 ||    47
       Unarmed           |     1 |       |       ||     1
       Tailslap          |     2 |     3 |       ||     5
       Staff             |       |    13 |    11 ||    24
 Cast: Foxfire           |    67 |    91 |    54 ||   212
       Flame Wave        |       |       |     1 ||     1
 Abil: Breathe Acid      |       |       |     2 ||     2
  Use: Scroll            |     7 |       |     6 ||    13
       Potion            |       |       |     4 ||     4
Armor: Skin              |     7 |    29 |    12 ||    48
Dodge: Dodged            |    19 |    42 |    21 ||    82
